 Dungeon Crawl Stone Soup version 0.32-a0-886-g41c5271027 (webtiles) character file.

Game seed: 8670683288756077456

43 timneilson the Insei (level 3, -2/23 HPs)
             Began as an Octopode Shapeshifter on Apr 2, 2024.
             Slain by an orc
             ... wielding a +0 mace
              (3 damage)
             ... on level 2 of the Dungeon.
             The game lasted 00:02:12 (1849 turns).

timneilson the Insei (Octopode Shapeshifter)        Turns: 1849, Time: 00:02:12

Health: -2/23      AC:  1    Str: 13    XL:     3   Next: 58%
Magic:  3/3        EV: 12    Int: 12    God:
Gold:   129        SH:  0    Dex: 13    Spells: 2/2 levels left

rFire   . .          .
                       - Unarmed
rCold   . . .        (no shield)
rNeg    . . .        (helmet currently unavailable)
rPois   .            (no amulet)
rElec   .            (no ring)
rCorr   .            (no ring)
SInv    .            (no ring)
Will    .....        (no ring)
Stlth   +++          (no ring)
HPRegen 0.23/turn    (no ring)
MPRegen 0.08/turn    (no ring)
                     (no ring)

%: no passive effects
@: beast-form
A: beast (slay +1), almost no armour, amphibious, 8 rings, camouflage 1,
gelatinous body 1, (nimble swimmer 1), tentacles
a: Begin Untransformation


You were on level 2 of the Dungeon.
You were a hulking beast.
You visited 1 branch of the dungeon, and saw 3 of its levels.

You collected 129 gold pieces.

Inventory:

Missiles
 d - 6 poisoned darts (quivered)
Talismans
 b - a beast talisman (active)
 c - a flux talisman
Scrolls
 h - a scroll of poison
Potions
 a - a potion of lignification
 e - a potion of enlightenment {unknown}
 f - a potion of brilliance {unknown}
 g - 2 potions of magic
 i - a potion of ambrosia {unknown}
 j - a potion of haste {unknown}


   Skills:
 + Level 1.3 Fighting
 * Level 2.5 Dodging
 + Level 1.1 Stealth
 * Level 3.4 Unarmed Combat
 * Level 3.3 Shapeshifting


You had 2 spell levels left.
You didn't know any spells.
Your spell library contained the following spells:

 Spells                   Type           Power      Damage    Failure   Level
 Kiss of Death            Conj/Necr      0%         2d5       32%         1
 Mercury Vapours          Alch/Air       0%         N/A       45%         2
 Confusing Touch          Hex            0%         N/A       69%         3
 Mephitic Cloud           Conj/Alch/Air  0%         N/A       69%         3
 Dispel Undead            Necr           0%         3d6       97%         4
 Freezing Cloud           Conj/Ice/Air   0%         6-21      100%        5


Dungeon Overview and Level Annotations

Branches:
Dungeon (3/15)

Altars:

Shops:
D:2 (


Innate Abilities, Weirdness & Mutations

You are a hulking beast.
Your limbs bulge with bestial killing power. (Slay +1)
You cannot wear most types of armour.
You are amphibious.
You can wear up to eight rings at the same time.
Your skin changes colour to match your surroundings (Stealth+).
Your rubbery body absorbs attacks. (AC +1, EV +1)
((You are camouflaged when in or above water. (Stealth+)))
You have tentacles for arms and can constrict up to eight enemies at once.


Message History

Found 29 gold pieces and 4 stones.
Found two stone staircases leading up and a stone staircase leading down.
There is a stone staircase leading up here.
You climb upwards.
There is a stone staircase leading down here.
You tentacle-slap the orc. You grab the orc.
The orc is lightly wounded.
You constrict the orc.
You tentacle-slap the orc but do no damage.
You squeeze the orc, but do no damage.
The orc is heavily wounded.
You constrict the orc. The orc closely misses you.
You completely miss the orc. You squeeze the orc.
You kill the orc!
You climb downwards.
The orc completely misses you. The orc barely misses you.
There is a stone staircase leading up here.
The orc hits you with a +0 dagger. The orc hits you with a +0 mace.
The orc closely misses you.
You climb upwards.
There is a stone staircase leading down here.
You tentacle-slap the orc. Your grab misses the orc.
The orc is moderately wounded.
The orc hits you with a +0 dagger. x2; The orc barely misses you.
You tentacle-slap the orc but do no damage.
Your grab misses the orc.
The orc is moderately wounded.
The orc hits you with a +0 dagger. The orc hits you but does no damage.
The orc misses you.
You tentacle-slap the orc. Your grab misses the orc.
The orc is heavily wounded.
The orc closely misses you. The orc hits you but does no damage.
The orc barely misses you.
You closely miss the orc. You grab the orc.
The orc is heavily wounded.
You constrict the orc. The orc hits you with a +0 dagger.
* * * LOW HITPOINT WARNING * * *
The orc hits you with a +0 dagger.
* * * LOW HITPOINT WARNING * * *
The orc hits you with a +0 mace.
You die...

#.........# #.#........#
#.######..# #.########.#
#.##......# ##+## #####.####
#.##.###.## ##...###........#
#........# ##.....##.###.##.#
####.##.## ##.......#.# #..#.#
#.#...####..........###....##
#.....<..'.o.[...............
##.#...####..ho......##.....#.
#......# ##o......#.#.###....
##.###.# ##.....##..## ##...
### #.# ##...####.# #... #.#
######'## #.## ##.). #.#
#......# ##.###.#..
#.###.####.# ##...####
#.#........## ##.##
#.#.#.###...##### #.#


You could see 3 orcs.

Vanquished Creatures
  2 dart slugs
  A ribbon worm (D:2)
  An orc (D:2)
  4 bats
  2 giant cockroaches (D:1)
  3 goblins
  2 hobgoblins (D:1)
  8 jackals (D:1)
  A quokka (D:2)
  3 ball pythons
  A frilled lizard (D:1)
  2 kobolds (D:1)
30 creatures vanquished.

Notes
Turn   | Place    | Note
-------+----------+-------------------------------------------
     0 | D:1      | timneilson the Octopode Shapeshifter began the quest for
                  | the Orb.
     0 | D:1      | Reached XP level 1. HP: 13/13 MP: 1/1
   150 | D:1      | Reached XP level 2. HP: 17/18 MP: 2/2
   401 | D:1      | Reached XP level 3. HP: 23/23 MP: 3/3
   903 | D:2      | Reached skill level 1 in Stealth
  1029 | D:2      | Found Omneynk's Weapon Shop.
  1226 | D:2      | Found a faded altar of an unknown god.
  1849 | D:2      | HP: 1/23 [orc/+0 dagger (4)]
  1849 | D:2      | Slain by an orc

Illustrated notes

Levels and vault maps discovered:
D:1:      elethiomel_arrival_quiet, layout_basic
D:2:      layout_loops_corners, hellmonk_ecumenical_altar_arch_garden,
          serial_shops, shop
D:3:      layout_rooms, ebering_ghost_rock_garden

Skill      XL: |  1  2  3 |
---------------+----------+-----
Stealth        | 1 |  1.1
Fighting       | |  1.3
Dodging        | |  2.5
Unarmed Combat | |  3.4
Shapeshifting  | |  3.3

Action                     || total
---------------------------++-------
  Melee: Unarmed           ||    54
         Constrict         ||    20
         Tentacles         ||    15
         Punch             ||     3
    Use: Scroll            ||     3
   Stab: Sleeping          ||     2
 Armour: Skin              ||    32
  Dodge: Dodged            ||    36

Table legend: (Time is in decaauts)
 A = Elapsed time spent in this place.
 B = Non-inter-level travel time spent in this place.
 C = Inter-level travel time spent in this place.
 D = Time resting spent in this place.
 E = Time spent auto-exploring this place.
 F = Levels seen in this place.
 G = Mean time per level.
                   A        B        C        D        E       F      G
               +--------+--------+--------+--------+--------+-----+--------+
         Total |   1846 |   1786 |     60 |    100 |   1445 |   3 |  615.3 |
       Dungeon |   1846 |   1786 |     60 |    100 |   1445 |   3 |  615.3 |
               +--------+--------+--------+--------+--------+-----+--------+

Top non-repeatable levels by time:
     D:2: 964 daAuts
     D:1: 878 daAuts
     D:3: 4 daAuts
